 Dungeon Crawl Stone Soup version 0.31-a0-640-g39d97e502b (webtiles) character file.

Game seed: 9948755350467765835

149 qw the Shooter (level 5, 0/32 HPs)
             Began as a Gargoyle Hunter on Aug 27, 2023.
             Slain by a kobold brigand
             ... wielding a +2 dagger of speed
              (8 damage)
             ... in a sewer.
             The game lasted 00:00:56 (1689 turns).

qw the Shooter (Gargoyle Hunter)                    Turns: 1689, Time: 00:00:56

Health: 0/32       AC: 10    Str: 15    XL:     5   Next: 31%
Magic:  5/5        EV: 11    Int:  9    God:
Gold:   191        SH:  0    Dex: 15    Spells: 4/4 levels left

rFire   . . .        Y - +1 shortbow
rCold   . . .        (shield currently unavailable)
rNeg    + . .        g - +0 ring mail
rPois   inf          (no helmet)
rElec   +            (no cloak)
rCorr   .            d - +0 pair of gloves
SInv    .            (no boots)
Will    .....        (no amulet)
Stlth   +            (no ring)
HPRegen 0.25/turn    (no ring)
MPRegen 0.09/turn

%: no passive effects
@: no status effects
A: sickness immunity, AC +4, negative energy resistance 1, electricity
resistance, torment resistance 1, petrification resistance
a: no special abilities


You were in a sewer.
You visited 1 branch of the dungeon, and saw 3 of its levels.
You also visited: Sewer.

You collected 191 gold pieces.


Innate Abilities, Weirdness & Mutations

You are immune to sickness and miasma.
Your stone body is resilient. (AC +4)
You are immune to poison.
You resist negative energy. (rN+)
You are resistant to electric shocks. (rElec)
You are resistant to unholy torment.
You are immune to petrification.


   Skills:
 + Level 3.0 Fighting
 - Level 6.0 Ranged Weapons
 - Level 1.0 Armour
 - Level 1.5 Dodging
 - Level 1.1 Stealth


You had 4 spell levels left.
You didn't know any spells.
Your spell library was empty.

Inventory:

Hand Weapons
 Y - a +1 shortbow (weapon)
Armour
 d - a +0 pair of gloves (worn)
 g - a +0 ring mail (worn)
Wands
 b - a wand of digging (5)
Scrolls
 c - a scroll of identify
 j - a scroll of revelation {unknown}
Potions
 a - a potion of degeneration {unknown}
 e - a potion of curing {unknown}
 f - 2 potions of invisibility {unknown}
 h - a potion of brilliance {unknown}
 i - a potion of heal wounds {unknown}

Dungeon Overview and Level Annotations

Branches:
Dungeon (3/15)              Sewer (1/1)

Altars:

Annotations:
D:2 1 runed translucent door, Crazy Yiuf


Message History

You shoot an arrow. The arrow hits the kobold brigand.
The kobold brigand is moderately wounded.
The kobold brigand hits you but does no damage.
The kobold hits you but does no damage.
You shoot an arrow. The arrow hits the kobold brigand.
The kobold brigand is moderately wounded.
The kobold brigand hits you with a +0 short sword.
The kobold hits you with a +0 whip. The kobold brigand closely misses you.
You shoot an arrow.
The arrow closely misses the kobold brigand.
The kobold hits you but does no damage.
The kobold brigand closely misses you. x2
The kobold brigand hits you but does no damage.
The kobold closely misses you.
You shoot an arrow.
The arrow barely misses the kobold brigand.
The kobold brigand closely misses you.
The kobold brigand hits you but does no damage.
The kobold barely misses you.
The kobold brigand hits you with a +2 dagger of speed.
You shoot an arrow.
The arrow closely misses the kobold brigand.
The kobold brigand closely misses you.
The kobold brigand hits you with a +0 short sword.
The kobold hits you with a +0 whip.
The kobold brigand hits you but does no damage.
You shoot an arrow. The arrow hits the kobold brigand.
The kobold brigand is heavily wounded.
The kobold brigand barely misses you. The kobold hits you but does no damage.
The kobold brigand hits you with a +2 dagger of speed.
You shoot an arrow.
The arrow closely misses the kobold brigand.
The kobold brigand hits you but does no damage.
The kobold brigand closely misses you. The kobold hits you but does no damage.
The kobold brigand hits you but does no damage.
The kobold brigand closely misses you.
You shoot an arrow. The arrow hits the kobold brigand!
The kobold brigand is severely wounded.
The kobold closely misses you.
The kobold brigand hits you with a +2 dagger of speed!
You die...

~#P~.......#
~~~~~.....##
#~~~.....#
#~~P....##
#~......#
#P.....%#
#.......#
#~.~.KK##
#~~~KK@#
#~~..###
##''## #....
#!.K!#
#.\[.#
#..!.#
######


You could see 2 kobold brigands and 2 kobolds.

Vanquished Creatures
  Terence (D:3)
  An orc wizard (D:3)
  An adder (D:3)
  4 dart slugs
  5 orcs (D:3)
  8 ball pythons
  5 endoplasms
  11 giant cockroaches
  2 goblins (D:1)
  5 hobgoblins
  12 kobolds
  5 quokkas
  2 bats (Sewer)
  3 frilled lizards
  7 rats
  A spectral goblin (D:3)
73 creatures vanquished.

Notes
Turn   | Place    | Note
-------+----------+-------------------------------------------
     0 | D:1      | qw the Gargoyle Hunter began the quest for the Orb.
     0 | D:1      | Reached XP level 1. HP: 12/12 MP: 1/1
     0 | D:1      | 0 ||| qw: Version: 0.3-a-74-g0d5e918
     0 | D:1      | 0 ||| qw: Game counter: 47
     0 | D:1      | 0 ||| qw: Melee chars always use a shield: true
     0 | D:1      | 0 ||| qw: God list: Okawaru
     0 | D:1      | 0 ||| qw: Allow faded altars: false
     0 | D:1      | 0 ||| qw: Do Orc after clearing Dungeon:15 true
     0 | D:1      | 0 ||| qw: Do second Lair branch before Depths: true
     0 | D:1      | 0 ||| qw: Lair rune preference: random
     0 | D:1      | 0 ||| qw: Goals: Normal
     0 | D:1      | 0 ||| PLANNING D:1-11
   130 | D:1      | Reached XP level 2. HP: 17/17 MP: 2/2
   455 | D:1      | Reached XP level 3. HP: 21/21 MP: 3/3
   476 | D:1      | 476 ||| UPGRADING to +0 ring mail.
   486 | D:1      | 486 ||| DROPPING +0 leather armour.
   487 | D:1      | 487 ||| READING scroll labelled EJOZIT ZEPN.
   488 | D:1      | 488 ||| READING scroll labelled LAG IF EGHEY.
   489 | D:1      | 489 ||| READING scroll labelled FOAGAD VACORUG.
   490 | D:1      | 490 ||| DROPPING scroll of butterflies.
   531 | D:2      | Reached skill level 1 in Armour
   576 | D:2      | Reached skill level 5 in Ranged Weapons
   930 | D:2      | Found a runed translucent door.
   931 | D:2      | Noticed Crazy Yiuf
   934 | D:2      | 934 ||| UPGRADING to +0 pair of gloves.
   939 | D:2      | 939 ||| READING scroll labelled LOESYTZ ZOTI.
   940 | D:2      | 940 ||| READING scroll labelled QOS VUWKIOVEL.
   941 | D:2      | 941 ||| READING scroll labelled SUUFYTIFEU.
   979 | D:3      | 979 ||| PLANNING SEWER
  1015 | D:3      | Reached skill level 3 in Fighting
  1015 | D:3      | Reached XP level 4. HP: 28/28 MP: 4/4
  1307 | D:3      | Found a faded altar of an unknown god.
  1313 | D:3      | Noticed Terence
  1325 | D:3      | HP: 7/28 [Terence/+0 mace (5)]
  1326 | D:3      | Killed Terence
  1327 | D:3      | Reached XP level 5. HP: 8/32 MP: 5/5
  1542 | D:3      | Found a glowing drain.
  1559 | Sewer    | Entered a sewer
  1640 | Sewer    | Reached skill level 6 in Ranged Weapons
  1672 | Sewer    | Noticed a kobold brigand
  1672 | Sewer    | Noticed a kobold brigand
  1673 | Sewer    | 1673 ||| Stepping ~*~*~tactically~*~*~ (retreating).
  1674 | Sewer    | 1674 ||| Stepping ~*~*~tactically~*~*~ (retreating).
  1675 | Sewer    | 1675 ||| Stepping ~*~*~tactically~*~*~ (retreating).
  1687 | Sewer    | HP: 7/32 [kobold brigand/+2 dagger of speed (2)]
  1689 | Sewer    | Slain by a kobold brigand

Levels and vault maps discovered:
D:1:      ebering_trefoil_3fold, layout_rooms, serial_corexii_hall,
          chequers_hall_statues_y, chequers_hall_statues_y
D:2:      layout_rooms, serial_forest, infiniplex_forest_lined_3,
          infiniplex_forest_end_1, infiniplex_forest_fountain,
          infiniplex_forest_lined_2, infiniplex_forest_clump_tiny,
          glass_columns_a, kennysheep_generic_room_15, uniq_crazy_yiuf_cottage
D:3:      layout_loops_ring, portal_sewer_entry_f,
          dreamdust_ecumenical_altar_drowned_temple,
          kennysheep_cross_bottleneck, nicolae_concentric_dashed_squares_mild,
          minivault_23, minmay_box_of_dots, uniq_terence
Sewer:    kennysheep_pipe_town

Skill      XL: |  1  2  3  4  5 |
---------------+----------------+-----
Armour         | 1 |  1.0
Ranged Weapons | 5 6 |  6.0
Fighting       | 3 |  3.0
Dodging        | |  1.5
Stealth        | |  1.1

Action                     |  1- 3 |  4- 6 || total
---------------------------+-------+-------++-------
   Fire: Shortbow          |   108 |   141 ||   249
    Use: Scroll            |     6 |       ||     6
 Armour: Leather armour    |     1 |       ||     1
         Ring mail         |    16 |    58 ||    74
  Dodge: Dodged            |    24 |    49 ||    73

Table legend:
 A = Non-vault XP
 B = Vault XP
 C = Vault XP percentage of total XP
 D = Non-vault monster count
 E = Vault monster count
 F = Vault count percentage of total count
                 A         B        C        D         E       F
            +---------+---------+-------+---------+---------+-------
      Total |     142 |      72 |  33.6 |      47 |      26 |  35.6
            +---------+---------+-------+---------+---------+-------
        D:1 |      34 |       0 |   0.0 |      16 |       0 |   0.0
        D:2 |      32 |       1 |   3.0 |      17 |       1 |   5.6
        D:3 |      76 |      51 |  40.2 |      14 |       9 |  39.1
      Sewer |       0 |      20 | 100.0 |       0 |      16 | 100.0
            +---------+---------+-------+---------+---------+-------
